Dowd, neutral female human Tourist --.G --...@| |<...f| --.---- --- Dowd the Sightseer Experience level: 5 Strength: 12 Dexterity: 16 Constitution: 14 Intelligence: 12 Wisdom: 11 Charisma: 14 Health: 0(33) Energy: 27(27) Def: 5 Gold: 0 Moves: 4053 Dungeon seed: _h_fzq1S0S0Enchz Game ID: Dowd_1493055936 Your Inventory: Weapons a - 10 uncursed +2 darts (in quiver) W - the uncursed +0 Sting (weapon in hand) Armor e - an uncursed +0 Hawaiian shirt (being worn) g - an uncursed +0 elven cloak (being worn) y - a cursed -1 elven mithril-coat (being worn) Y - an uncursed +0 mummy wrapping Comestibles b - 3 uncursed eggs c - 2 uncursed tripe rations d - 8 uncursed food rations h - 2 uncursed oranges t - 2 uncursed lembas wafers v - an uncursed egg D - an uncursed tin of iguana meat E - an uncursed slime mold P - an uncursed pear Tools f - an uncursed sack i - an uncursed skeleton key l - an uncursed expensive camera (0:86) m - an uncursed credit card C - an uncursed towel Gems n - an uncursed worthless piece of white glass q - an uncursed aquamarine stone r - 2 uncursed worthless pieces of black glass z - 2 uncursed worthless pieces of green glass N - an uncursed worthless piece of red glass Contents of the sack: 1065 gold pieces an uncursed scroll of enchant weapon 2 blessed scrolls of magic mapping an uncursed scroll of magic mapping a cursed scroll of stinking cloud 2 uncursed scrolls of teleportation an uncursed potion of fruit juice an uncursed potion of healing an uncursed potion of object detection an uncursed potion of oil an uncursed potion of restore ability 2 uncursed potions of water a cursed ring of stealth named cursed Spells and supernatural/magical abilities: Name Level Category Fail Memory u - confuse monster 2 enchantment 100% 90% W - pray for help -- divine ? -- Your skills at the end: Fighting Skills wands [Basic] Weapon Skills dagger [Basic] dart [Skilled] Spellcasting Skills Final Attributes: You were piously aligned. You were aware of the presence of orcs. You were stealthy. You were unlucky. The Lady was angry with you. You are dead. Vanquished creatures: 2 small mimics a leprechaun 2 gnome lords a gnomish wizard a kobold mummy a golden naga hatchling a straw golem a giant ant a floating eye 3 dwarves a homunculus a kobold shaman 2 hill orcs 4 rothes a centipede an orc zombie a werejackal 3 iguanas a gas spore 2 hobbits 3 manes 2 cave spiders a green mold 8 gnomes a gnome zombie 4 geckos 5 jackals a kobold a goblin 2 sewer rats 10 grid bugs 2 lichens 2 kobold zombies 8 newts 81 creatures vanquished. Voluntary challenges: You had been an atheist until turn 3032. You used a wielded weapon 41 times, starting on turn 3025. You read items or engraved 7 times, starting on turn 2023. You never genocided any monsters. You never polymorphed an object. You never changed form. You used no wishes. You never split a pudding. You never wrote Elbereth's name. You never violated your personal moral code. Dungeon overview: The Dungeons of Doom: levels 1 to 5 Level 1 a long staircase Level 2 a fountain stairs to The Gnomish Mines Level 3 (helm of opp align here!) a general store Level 4 a delicatessen, a fountain Level 5 a fountain The Gnomish Mines: levels 3 to 4 Level 3 stairs to The Dungeons of Doom Level 4 <- You were here History has recorded: On T:1 you entered the Dungeons of Doom to retrieve the Amulet of Yendor! On T:407 you reached level 2 of The Dungeons of Doom. On T:698 you reached level 3 of The Dungeons of Doom. On T:1012 you advanced to experience level 2. On T:1199 you reached level 4 of The Dungeons of Doom. On T:1602 you advanced to experience level 3. On T:1881 you reached level 5 of The Dungeons of Doom. On T:2286 you advanced to experience level 4. On T:3146 you advanced to experience level 5. On T:3522 you reached level 1 of The Gnomish Mines. On T:4042 you reached level 2 of The Gnomish Mines. Score breakdown: Gold: 295 ( 8406 points) Experience: 5 levels (11141 points) Exploration: 5 levels ( 10.20%) ( 8660 points) Discoveries: 8 items ( 2.66%) ( 4890 points) Valuables value: (no points given unless you survive) Artifact value: 800 ( 9877 points) Variety of kills: 34 monsters ( 8.88%) ( 8938 points) Turncount: 4053 turns (-1044 points) Survival: died (score multiplied by 80%) Total score: 40694 Latest messages: The newt misses. You miss the newt. You hit the newt. The newt bites! You kill the newt! You see here a candle. (2x) The iguana bites! (2x) You hit the iguana. You miss the iguana. The iguana misses Taco. Taco bites the iguana. You miss the iguana. Taco misses the iguana. (2x) You miss the iguana. The iguana bites Taco. Taco bites the iguana. (2x) The iguana is killed! You hear a hobbit pronouncing the formula on a scroll of identify! The gnome king swings his crossbow at you. The gnome king hits! You hit the gnome king! The gnome king swings his crossbow at you. The gnome king hits! You die... Final status: Aloha Dowd the Tourist, killed by a gnome king... You died in The Gnomish Mines on dungeon level 4 with 40694 points, and 1065 pieces of gold, after 4053 moves. You were level 5 with a maximum of 33 hit points when you died.